 Dungeon Crawl Stone Soup version 0.20.1-1-g8b1a95d (webtiles) character file.

25 straycat the Sneak (level 2, -2/21 HPs)
             Began as a Vampire Wanderer on July 19, 2017.
             Slain by a gnoll
             ... wielding a +0 spear
              (7 damage)
             ... on level 2 of the Dungeon.
             The game lasted 00:07:32 (1249 turns).

straycat the Sneak (Vampire Wanderer)               Turns: 1249, Time: 00:07:33

Health: -2/21      AC:  3    Str: 13    XL:     2   Next: 86%
Magic:  5/5        EV: 12    Int: 13    God:
Gold:   62         SH:  0    Dex: 20    Spells: 0/5 levels left

rFire    . . .     SeeInvis +   e - +1 dagger
rCold    . . .     Gourm    .   (no shield)
rNeg     + . .     Faith    .   d - +1 robe
rPois    .         Spirit   .   (no helmet)
rElec    .         Reflect  .   (no cloak)
rCorr    .         Harm     .   (no gloves)
MR       .....                  (no boots)
Stlth    +++.......             (no amulet)
Regen    0.1/turn               l - +5 ring of dexterity
MPRegen  0.1/turn               o - +3 ring of strength

@: infused, singing
A: fangs 3, see invisible, unbreathing
a: no special abilities


You were on level 2 of the Dungeon.
You were not thirsty.

You visited 1 branch of the dungeon, and saw 2 of its levels.

You collected 62 gold pieces.

Inventory:

Hand Weapons
 e - a +1 dagger (weapon)
Missiles
 h - 16 arrows
 j - 31 stones (quivered)
 n - 6 tomahawks of returning
Armour
 d - a +1 robe (worn)
Jewellery
 l - a +5 ring of dexterity (left hand)
 o - a +3 ring of strength (right hand)
Scrolls
 b - a scroll of teleportation
 g - a scroll of enchant weapon
Potions
 c - a potion of lignification
 f - 9 potions of blood
 p - 2 potions of might {unknown}
Books
 a - a book of Battle

   Spells                             Type                      Level
   a - Infusion                       Charms                       1
   b - Shroud of Golubria             Charms/Translocation         2
   c - Song of Slaying                Charms                       2
   d - Spectral Weapon                Hexes/Charms                 3
   e - Regeneration                   Charms/Necromancy            3


   Skills:
 + Level 1.0 Fighting
   Level 2.0 Long Blades
 + Level 1.7 Dodging
 - Level 3.2 Stealth
 - Level 2.3 Spellcasting
 - Level 2.4 Charms
   Level 1.0 Summonings


You couldn't memorise any spells.
You knew the following spells:

 Your Spells              Type           Power        Failure   Level  Hunger
a - Infusion              Chrm           #...         9%          1    #......
b - Shroud of Golubria    Chrm/Tloc      #.........   22%         2    ###....
c - Song of Slaying       Chrm           #.......     14%         2    ###....


Dungeon Overview and Level Annotations

Branches:
Dungeon (2/15)

Altars:


Innate Abilities, Weirdness & Mutations

You have razor-sharp teeth.
You have supernaturally acute eyesight. (SInv)
You can survive without breathing.


Message History

Really attack barehanded? [Y]es or [N]o only, please.
Really attack barehanded? [Y]es or [N]o only, please.
Really attack barehanded? [Y]es or [N]o only, please.
Really attack barehanded? [Y]es or [N]o only, please.
Really attack barehanded? [Y]es or [N]o only, please.
Really attack barehanded? [Y]es or [N]o only, please.
Really attack barehanded?
Okay, then.
Wield which item (- for none, * to show all)? (? for menu, Esc to quit)
e - a +1 dagger (weapon)
It was a potion of magic.
Magic courses through your body. The hobgoblin barely misses you.
The gnoll hits you from afar with a spear!
You die...

######## ### ........ ..#
######## #.# ## #.# .##
######.###### #.##
#.....<.....## #..#
#.##.g........
#..##########.##g#.####.##
.#............##@#.#
############..##.#g# ###
#..##.#.# ..# ...##.#g#
#.# ##.###.#.# #.# ..#
#.#.# #.######.. ### #....
#.[....... ... #.#######.


You could see a gnoll and a hobgoblin.

Vanquished Creatures
  A worm (D:2)
  A dart slug (D:1)
  A leopard gecko (D:1)
  A ball python (D:2)
  A goblin (D:1)
  3 hobgoblins
  A quokka (D:2)
  2 bats
  3 frilled lizards (D:1)
  4 kobolds
  3 rats
21 creatures vanquished.

Notes
Turn   | Place    | Note
-------+----------+-------------------------------------------
     0 | D:1      | straycat the Vampire Wanderer began the quest for the Orb.
     0 | D:1      | straycat set off with: a book of Battle, a scroll of teleportation, a potion of lignification, a +0 robe, a +0 dagger, a potion of blood
     0 | D:1      | Reached XP level 1. HP: 13/13 MP: 3/3
     2 | D:1      | Learned a level 1 spell: Infusion
   299 | D:1      | Reached XP level 2. HP: 15/19 MP: 3/5
   442 | D:1      | Learned a level 2 spell: Shroud of Golubria
   445 | D:1      | Learned a level 2 spell: Song of Slaying
  1134 | D:2      | Reached skill level 1 in Fighting
  1249 | D:2      | Slain by a gnoll

Skill      XL: |  1  2 |
---------------+-------+-----
Fighting       | 1 |  1.0
Long Blades    | |  2.0
Dodging        | |  1.7
Stealth        | |  3.2
Spellcasting   | |  2.3
Charms         | |  2.4
Summonings     | |  1.0

Action                   || total
-------------------------++-------
Melee: Dagger            ||    56
       Bite              ||     7
Throw: Stone             ||     3
 Cast: Infusion          ||     8
       Song of Slaying   ||     2
  Use: Scroll            ||     4
       Potion            ||     1
 Stab: Sleeping          ||     5
  Eat: Corpse            ||     1
Armor: Robe              ||    13
Dodge: Dodged            ||    25
